 Dungeon Crawl Stone Soup version 0.16-a0-223-g37887f7 (webtiles) character file.

86 Ololoev the Gusty (level 4, -10/24 HPs)
             Began as a Tengu Air Elementalist on Aug 19, 2014.
             Mangled by an ogre
             ... wielding a +0 giant club
              (20 damage)
             ... on Level 3 of the Dungeon.
             The game lasted 00:12:35 (3218 turns).

Ololoev the Gusty (Tengu Air Elementalist)          Turns: 3218, Time: 00:12:38

HP -10/24        AC  3     Str  8      XL: 4   Next: 49%
MP   0/8         EV 12     Int 16      God:
Gold 98          SH  0     Dex 15      Spells:  3 memorised,  2 levels left

rFire  . . .     SeeInvis .     j - +0 dagger (elec)
rCold  . . .     Clarity  .     a - +0 robe
rNeg   . . .     rCorr    .     (no shield)
rPois  .         rRot     .     (helmet restricted)
rElec  .         Spirit   .     (no cloak)
SustAb +         Warding  .     (no gloves)
rMut   .         Stasis   .     (boots unavailable)
Gourm  .                        (no amulet)
MR     .....                    (no ring)
                                m - ring of sustain abilities

@: swift, repel missiles, quick, not resistant to hostile enchantments,
unstealthy
A: beak, talons 3, icy blue scales 1
a: no special abilities


You were on level 3 of the Dungeon.
You were hungry.

You visited 1 branch of the dungeon, and saw 4 of its levels.

You collected 98 gold pieces.

Inventory:

Hand weapons
 j - a +0 dagger of electrocution (weapon)
Armour
 a - a +0 robe (worn)
Comestibles
 c - 6 bread rations
 d - a meat ration
 f - 4 fruits
Scrolls
 h - a scroll of teleportation
 i - a scroll of blinking
 l - a scroll of recharging
Jewellery
 m - a ring of sustain abilities (left hand)
Potions
 e - a potion of resistance
 g - a potion of restore abilities {unknown}
 k - a potion of invisibility
Books
 b - a book of Air

   Spells                             Type                      Level
   *Shock                             Conjuration/Air              1
   *Swiftness                         Charms/Air                   2
   *Repel Missiles                    Charms/Air                   2
   Flight                             Charms/Air                   3
   Static Discharge                   Conjuration/Air              3
   Lightning Bolt                     Conjuration/Air              5


   Skills:
 + Level 1.4 Short Blades
 - Level 2.1 Dodging
 - Level 2.0 Stealth
 - Level 2.0 Spellcasting
 * Level 4.0 Conjurations
 + Level 5.1 Air Magic


You had 2 spell levels left.
You knew the following spells:

 Your Spells              Type           Power        Failure   Level  Hunger
a - Shock                 Conj/Air       ###.         3%          1    #......
b - Repel Missiles        Chrm/Air       #.....       12%         2    ###....
c - Swiftness             Chrm/Air       #.......     12%         2    ###....


Dungeon Overview and Level Annotations

Branches:
Dungeon (4/15)
 Temple: D:4-7

Altars:

Annotations:
D:2 Sigmund


Innate Abilities, Weirdness & Mutations

You have a beak for a mouth.
You have claws for feet.
You are partially covered in icy blue scales (AC +1).


Message History

Confirm with . or Enter, or press ? or * to list all spells.
Aiming: Shock
Press: ? - help, Shift-Dir - straight line, f/p - ogre
Aim: an ogre, wielding a giant club (lightly wounded)
The zap hits the ogre.
The ogre is moderately wounded.
The zap hits the ogre.
The ogre is moderately wounded.
There is a stone staircase leading up here.
The ogre hits you with a giant club!
Ouch! That really hurt!
You climb upwards.
There is a stone staircase leading down here.
Casting: Shock
Confirm with . or Enter, or press ? or * to list all spells.
You feel quick.
You are feeling hungry.
The ogre hits you with a giant club!!
Ouch! That really hurt!
You die...

#........#.#...######...#....
##.....#...#..## ##..##.#.
##...####....### #....).#)
##### ###....## #.......#
#.##..# #.....#..
#####..##.#####.......
##....)......###.......
##.............##....###
#......@O........>...##
######..............%...#..##
#.......................#....
#...........................#
#....................##.#...#
#######.............###.#....
##....................#
#####.############..## ###
#.# #....


You could see an ogre.

Vanquished Creatures
  An adder (D:3)
  A worm (D:3)
  3 giant geckos
  11 bats
  2 giant cockroaches
  5 goblins
  10 hobgoblins
  10 jackals
  11 kobolds
  A ball python (D:1)
  5 giant newts
  10 rats
70 creatures vanquished.

Notes
Turn   | Place    | Note
--------------------------------------------------------------
     0 | D:1      | Ololoev, the Tengu Air Elementalist, began the quest for the Orb.
     0 | D:1      | Reached XP level 1. HP: 10/10 MP: 3/3
   259 | D:1      | Reached XP level 2. HP: 13/15 MP: 5/5
  1110 | D:1      | Reached XP level 3. HP: 19/19 MP: 0/7
  1553 | D:2      | Noticed Sigmund
  2018 | D:2      | Learned a level 2 spell: Repel Missiles
  2386 | D:3      | Reached skill level 1 in Short Blades
  2483 | D:3      | Gained mutation: You are partially covered in icy blue scales (AC +1). [potion of beneficial mutation]
  2678 | D:3      | Reached XP level 4. HP: 16/24 MP: 2/8
  2823 | D:3      | Reached skill level 5 in Air Magic
  3127 | D:4      | Noticed an ogre
  3133 | D:3      | Learned a level 2 spell: Swiftness
  3194 | D:4      | Noticed an ogre
  3218 | D:3      | Mangled by an ogre

Action                   |  1- 3 |  4- 6 || total
-------------------------+-------+-------++-------
Melee: Short sword       |    13 |       ||    13
       Unarmed           |     1 |       ||     1
       Dagger            |    22 |    16 ||    38
 Cast: Shock             |    72 |    25 ||    97
       Repel Missiles    |     1 |       ||     1
       Swiftness         |       |     1 ||     1
  Use: Scroll            |     7 |     1 ||     8
       Potion            |     1 |       ||     1
 Stab: Distracted        |       |     1 ||     1
  Eat: Chunk             |     5 |     2 ||     7
       Beef jerky        |     1 |       ||     1
